 Dungeon Crawl Stone Soup version 0.15-b1-129-g6fffc38 (webtiles) character file.

104393 JacquesDerrida the Impaler (level 15, 0/122 HPs)
             Began as a Demonspawn Hunter on Aug 27, 2014.
             Was the Champion of Ashenzari.
             Slain by a bog body (17 damage)
             ... on Level 1 of the Swamp on Aug 28, 2014.
             The game lasted 02:28:31 (21288 turns).

JacquesDerrida the Impaler (Demonspawn Hunter)     Turns: 21288, Time: 02:28:31

HP   0/122       AC 35     Str 16      XL: 15   Next: 91%
MP  23/24        EV 20     Int 15      God: Ashenzari [******]
Gold 414         SH  0     Dex 18      Spells:  2 memorised, 17 levels left

rFire  + + .     SeeInvis +     X - +5 scythe "Finisher" {speed, Str+3}
rCold  . . .     Clarity  +     c - +5 fire dragon armour (curse)
rNeg   . . .     rCorr    .     (no shield)
rPois  .         rRot     .     V - +1 hat (curse)
rElec  .         Spirit   .     s - +2 cloak (curse)
SustAb .         Warding  .     d - +2 pair of gloves (curse)
rMut   .         Stasis   .     H - +0 pair of boots (curse)
Gourm  .                        h - cursed amulet of rage
MR     ++...                    T - cursed ring of protection from magic
                                J - +3 ring of dexterity

@: lethally poisoned, about to teleport, very resistant to hostile enchantments,
extremely unstealthy
A: talons 2, rough black scales 2, cold resistance 1, icemail, freezing cloud
immunity
a: Scrying, Transfer Knowledge, Renounce Religion, Evoke Berserk Rage


You were on level 1 of the Swamp.
You worshipped Ashenzari.
Ashenzari was exalted by your worship.
You were not hungry.

You visited 7 branches of the dungeon, and saw 31 of its levels.
You also visited: Volcano.

You collected 2921 gold pieces.
You spent 2507 gold pieces at shops.

Inventory:

Hand weapons
 r - a +2 halberd of flaming
 E - a +0 bardiche of protection
 X - the cursed +5 scythe "Finisher" (weapon) {speed, Str+3}
   (You bought it in a shop on level 4 of the Orcish Mines)

   Attacks with this weapon are significantly faster.
   It affects your strength (+3).
   It has a curse placed upon it.
Armour
 c - a cursed +5 fire dragon armour (worn)
 d - a cursed +2 pair of gloves (worn)
 s - a cursed +2 cloak (worn)
 u - a +0 hat of intelligence
 F - a +4 ring mail
 H - a cursed +0 pair of boots (worn)
 V - a cursed +1 hat (worn)
 W - a +0 leather armour of magic resistance
Magical devices
 t - a wand of draining (1)
 v - a wand of fireball (0)
 y - a wand of heal wounds (7)
 N - a wand of fireball (1)
 S - a wand of digging (9)
Comestibles
 a - 2 meat rations
 f - 17 bread rations
Scrolls
 b - a scroll of fog
 j - 7 scrolls of remove curse
 k - 2 scrolls of teleportation
 l - 2 scrolls of recharging
 n - 7 scrolls of curse armour
 A - 2 scrolls of fear
 B - 2 scrolls of immolation
 C - 2 scrolls of curse jewellery
 G - 9 scrolls of identify
 M - 3 scrolls of magic mapping
 Y - 3 scrolls of curse weapon
 Z - 2 scrolls of enchant weapon
Jewellery
 g - a cursed ring of teleportation
 h - a cursed amulet of rage (around neck)
 m - an uncursed ring of wizardry
 J - a +3 ring of dexterity (left hand)
 T - a cursed ring of protection from magic (right hand)
Potions
 i - 3 potions of flight
 o - 2 potions of brilliance
 p - a potion of invisibility
 q - 3 potions of agility
 w - a potion of magic
 x - 4 potions of resistance
 D - a potion of cure mutation
 K - a potion of haste
 L - a potion of restore abilities
 O - 4 potions of curing
 P - 3 potions of berserk rage
 R - a potion of might
Books
 e - a book of Minor Magic

   Spells                             Type                      Level
   Magic Dart                         Conjuration                  1
   *Blink                             Translocation                2
   Call Imp                           Summoning                    2
   Repel Missiles                     Charms/Air                   2
   Slow                               Hexes                        2
   Conjure Flame                      Conjuration/Fire             3
   Mephitic Cloud                     Conjuration/Poison/Air       3
 Q - a book of Cantrips

   Spells                             Type                      Level
   Corona                             Hexes                        1
   Animate Skeleton                   Necromancy                   1
   Summon Small Mammal                Summoning                    1
   *Apportation                       Translocation                1
Miscellaneous
 z - a sack of spiders {used: 1}
 I - a lamp of fire (inert)


   Skills:
 - Level 12.4 Fighting
 - Level 16.3(21.4) Polearms
   Level 3.6 Slings
 + Level 10.0(14.2) Armour
 - Level 13.2(17.3) Dodging
 - Level 0.8 Stealth
 - Level 1.5 Unarmed Combat
 + Level 3.4 Spellcasting


You had 17 spell levels left.
You knew the following spells:

 Your Spells              Type           Power        Failure   Level  Hunger
a - Blink                 Tloc           N/A          63%         2    ##.....
b - Apportation           Tloc           #.........   38%         1    None


Dungeon Overview and Level Annotations

Branches:
Dungeon (15/15)            Temple (1/1) D:5             Orc (4/4) D:12
    Elf (1/3) Orc:3          Lair (8/8) D:8           Swamp (1/5) Lair:4
  Slime (0/6) Lair:7       Vaults (0/5) D:13         Depths (1/5) D:15
  Snake: Lair:3-6    Spider: Lair:3-6

Altars:
Ashenzari
Cheibriados
Dithmenos
Elyvilon
Fedhas
Kikubaaqudgha
Makhleb
Nemelex Xobeh
Okawaru
Qazlal
Sif Muna
Trog
Vehumet
Xom
Yredelemnul
Zin
The Shining One
Beogh

Shops:
D:4 =   D:15 }   Orc:4 (?[?

Annotations:
D:12 exclusion: door


Innate Abilities, Weirdness & Mutations

You have razor-sharp toenails.
You are mostly covered in rough black scales (AC +7, Dex -2).
Your flesh is cold resistant.
A meltable icy envelope protects you from harm and freezing vapours (AC +0).
You are immune to freezing clouds.


Message History

You are poisoned.
* * * LOW HITPOINT WARNING * * *
You feel sick. The swamp dragon misses you.
The swamp dragon claws you but does no damage.
The swamp dragon tramples you but does no damage.
The slime creature barely misses you. The bog body misses you.
The bog body barely misses you.
A bog body comes into view.
Read which item? (? for menu, Esc to quit)
As you read the scroll of teleportation, it crumbles to dust.
You feel strangely unstable.
You are engulfed in poison gas.
You are lethally poisoned!
* * * LOW HITPOINT WARNING * * *
x2 You feel very sick.
The large slime creature is engulfed in a cloud of scalding steam.
Two slime creatures merge to form a very large slime creature.
The swamp dragon misses you.
The swamp dragon claws you but does no damage.
The swamp dragon closely misses you. The bog body hits you!
You die...

♣♣♣♣♣♣♣♣♣♣♣♣♣♣
♣♣♣{♣@♣♣§§♣§§♣.♣♣♣
♣♣..DDnJ§%.§§...≈.♣*
♣♣≈.≈.y§k.≈.≈≈..≈≈..
♣........≈.......≈.♣♣
♣≈≈≈##'''####.≈..♣≈..♣♣
♣.#%§§.t.≈!∆#≈≈♣♣♣♣≈..♣
♣≈#%§+≈....[#.♣♣
♣♣♣..♣♣ *..#.....####.♣
♣♣(....♣ *≈ .≈..n..
#§♣♣♣(≈≈≈≈♣♣


You could see a four-headed hydra, a swamp dragon, a very large slime creature,
2 bog bodies, a baby alligator (confused), a swamp drake and a vampire mosquito.

Vanquished Creatures
  Gastronok (D:12)
  A vault guard (D:13)
  3 fire dragons
  Fannar (D:12)
  9 hydras
  Erica (Orc:4)
  3 centaur warriors
  A tengu warrior (D:14)
  14 death yaks
  3 orc high priests (Orc:4)
  Urug (Swamp:1)
  Nergalle (Lair:1)
  4 catoblepae
  2 unseen horrors
  3 hill giants
  A fire crab (Lair:7)
  Erolcha (D:11)
  A necromancer (D:13)
  2 lindwurms
  A wolf spider (D:14)
  4 orc knights (Orc:4)
  3 orc sorcerers (Orc:4)
  The ghost of ThorGoll the Carver, an experienced HESk of the Shining One (D:8)
  3 cyclopes
  3 manticores
  15 ugly things
  3 molten gargoyles (Volcano)
  Joseph (Lair:1)
  A gargoyle (Volcano)
  12 elephants
  14 spiny frogs
  A torpor snail (Lair:8)
  5 black mambas
  Psyche (D:11)
  An item mimic (D:13)
  6 fire drakes
  4 komodo dragons
  A fire vortex (Volcano)
  9 ravens
  A merfolk (D:13)
  2 tengu conjurers
  9 trolls
  18 blink frogs
  9 slime creatures (D:15)
  A griffon skeleton (D:15)
  7 wyverns
  A vampire (D:14)
  A wraith (D:13)
  80 yaks
  A hungry ghost (D:10)
  22 humans (D:13)
  A steam dragon (Lair:6)
  A deep elf mage (D:10)
  4 fire elementals (Volcano)
  Grum (D:9)
  9 wolves
  3 deep elf fighters
  11 hippogriffs
  2 soldier ants
  A swamp worm (Swamp:1)
  Menkaure (D:7)
  18 porcupines
  10 water moccasins
  26 orc warriors
  A mottled dragon (Lair:6)
  3 sky beasts
  A griffon simulacrum (D:13)
  3 ice beasts
  A phantom (D:8)
  2 swamp drakes
  A yellow wasp (D:12)
  8 ogres
  8 centaurs
  3 boring beetles
  15 crocodiles
  2 elf skeletons (D:14)
  A manticore skeleton (D:15)
  Sigmund (D:4)
  Duvessa (D:4)
  22 giant frogs
  A yaktaur zombie (D:12)
  A komodo dragon zombie (D:13)
  A komodo dragon skeleton (D:15)
  A gnoll sergeant (D:8)
  A cyclops zombie (D:13)
  5 scorpions
  11 killer bees
  A troll zombie (D:13)
  3 wights (D:12)
  3 electric eels
  The ghost of JacquesDerrida the Vandal, a weakling DsHu (D:3)
  3 goliath beetles
  Dowan (D:4)
  4 crimson imps
  A basilisk zombie (D:11)
  2 jellies
  A giant frog skeleton (D:7)
  17 orc priests
  14 iguanas
  A giant frog zombie (D:10)
  A gnoll shaman (D:4)
  11 hounds
  A human zombie (D:13)
  6 worker ants
  A basilisk skeleton (D:9)
  33 orc wizards
  5 sheep (Lair:8)
  A troll simulacrum (D:14)
  2 hound zombies
  A mottled dragon skeleton (D:11)
  Terence (D:3)
  15 gnolls
  A mottled dragon simulacrum (D:14)
  17 adders
  69 green rats
  2 shadow imps (D:5)
  3 giant mites (D:4)
  A worm (D:3)
  An adder skeleton (D:7)
  5 giant geckos
  166 orcs
  A bat zombie (D:5)
  4 giant cockroaches
  2 gnoll zombies
  20 goblins
  12 hobgoblins
  4 jackals (D:1)
  12 kobolds
  11 quokkas
  6 ball pythons
  7 bats
  A giant cockroach zombie (D:5)
  6 giant newts
  A giant newt skeleton (D:4)
  A giant spore (D:10)
  A goblin zombie (Orc:4)
  A hobgoblin zombie (D:5)
  A jackal skeleton (D:4)
  13 orc zombies
  8 rats
  A ballistomycete (D:10)
984 creatures vanquished.

Vanquished Creatures (collateral kills)
  2 yaks (Lair:2)
  A plant (Lair:8)
3 creatures vanquished.

Vanquished Creatures (others)
  2 fire vortices (Volcano)
  A baby alligator (Swamp:1)
  2 fire elementals
  A spider (D:14)
  2 orc priests (Orc:4)
  2 orc wizards
  2 orcs (Orc:4)
  A bat (D:10)
  A fungus (Lair:8)
  5 plants
  8 toadstools (Lair:5)
27 creatures vanquished.

Grand Total: 1014 creatures vanquished

Notes
Turn   | Place    | Note
--------------------------------------------------------------
     0 | D:1      | JacquesDerrida, the Demonspawn Hunter, began the quest for the Orb.
     0 | D:1      | Reached XP level 1. HP: 15/15 MP: 1/1
    93 | D:1      | Reached skill level 1 in Unarmed Combat
   188 | D:1      | Gained mutation: Your flesh is cold resistant. [demonic ancestry]
   188 | D:1      | Reached XP level 2. HP: 19/21 MP: 2/2
   450 | D:1      | Gained mutation: You are partially covered in rough black scales (AC +4, Dex -1). [demonic ancestry]
   450 | D:1      | Reached XP level 3. HP: 25/27 MP: 3/3
   929 | D:3      | Noticed JacquesDerrida's ghost (weakling DsHu)
   992 | D:3      | Reached XP level 4. HP: 30/35 MP: 4/4
  1108 | D:3      | Killed JacquesDerrida's ghost
  1235 | D:3      | Noticed Terence
  1521 | D:3      | Killed Terence
  1521 | D:3      | Gained mutation: You are immune to freezing clouds. [demonic ancestry]
  1521 | D:3      | Reached XP level 5. HP: 41/41 MP: 5/5
  1929 | D:4      | Noticed Sigmund
  2263 | D:4      | Reached skill level 4 in Polearms
  2263 | D:4      | Gained mutation: You have sharp toenails. [demonic ancestry]
  2263 | D:4      | Reached XP level 6. HP: 47/47 MP: 6/6
  2418 | D:4      | Killed Sigmund
  2469 | D:4      | Reached skill level 5 in Polearms
  2494 | D:4      | You fall through a shaft!
  2494 | D:5      | Entered Level 5 of the Dungeon
  2588 | D:5      | Found a staircase to the Ecumenical Temple.
  2594 | Temple   | Entered the Ecumenical Temple
  2707 | Temple   | Became a worshipper of Ashenzari the Shackled
  2815 | D:5      | Gained mutation: You are mostly covered in rough black scales (AC +7, Dex -2). [demonic ancestry]
  2815 | D:5      | Reached XP level 7. HP: 14/52 MP: 7/7
  3045 | D:4      | Reached skill level 6 in Polearms
  3090 | D:4      | Found Agreasid's Jewellery Shoppe.
  3122 | D:4      | Noticed Duvessa
  3123 | D:4      | Noticed Dowan
  3240 | D:4      | Killed Duvessa
  3290 | D:4      | Killed Dowan
  3365 | D:4      | Reached skill level 7 in Polearms
  3564 | D:5      | Identified the cursed -4 leather armour "Freaved" {rElec Dex+2}
  3692 | D:5      | Gained mutation: A meltable icy envelope protects you from harm and freezing vapours (AC +0). [demonic ancestry]
  3692 | D:5      | Reached XP level 8. HP: 43/58 MP: 8/8
  3820 | D:6      | Reached skill level 8 in Polearms
  4425 | D:7      | Reached skill level 9 in Polearms
  4886 | D:7      | Noticed Menkaure
  4893 | D:7      | Killed Menkaure
  4893 | D:7      | Reached skill level 10 in Polearms
  4893 | D:7      | Gained mutation: You have razor-sharp toenails. [demonic ancestry]
  4893 | D:7      | Reached XP level 9. HP: 28/64 MP: 9/9
  5241 | D:8      | Noticed ThorGoll's ghost (experienced HESk)
  5266 | D:8      | Killed ThorGoll's ghost
  5326 | D:8      | Reached skill level 11 in Polearms
  5628 | D:8      | Found a staircase to the Lair.
  5662 | D:8      | Reached skill level 12 in Polearms
  5671 | D:8      | Reached XP level 10. HP: 61/70 MP: 10/10
  5887 | D:8      | Reached skill level 13 in Polearms
  6234 | D:9      | Noticed Grum
  6249 | D:9      | Killed Grum
  6297 | D:9      | Reached skill level 5 in Fighting
  6534 | D:9      | Found a burning altar of Makhleb.
  6707 | D:10     | Entered Level 10 of the Dungeon
  6777 | D:10     | Noticed a hill giant
  6824 | D:9      | Killed a hill giant
  6918 | D:10     | Reached XP level 11. HP: 73/81 MP: 11/11
  7104 | D:10     | Acquired Ashenzari's first power
  7120 | D:10     | Found a shimmering altar of Xom.
  7151 | D:10     | Reached skill level 1 in Armour
  7421 | D:11     | Reached skill level 14 in Polearms
  7590 | D:11     | Noticed Erolcha
  7599 | D:11     | Killed Erolcha
  7659 | D:11     | Noticed Psyche
  7666 | D:11     | Killed Psyche
  7934 | Lair:1   | Entered Level 1 of the Lair of Beasts
  7985 | Lair:1   | Noticed Joseph
  8014 | Lair:1   | Killed Joseph
  8063 | Lair:1   | Noticed Nergalle
  8188 | Lair:1   | Reached skill level 5 in Armour
  8212 | Lair:1   | Acquired Ashenzari's second power
  8701 | Lair:2   | Reached XP level 12. HP: 58/88 MP: 12/12
  8734 | Lair:2   | Gained mutation: Your spells are a little harder to cast, but a little more powerful. [potion of beneficial mutation]
  8905 | Lair:2   | Reached skill level 15 in Polearms
  9597 | Lair:4   | Acquired Ashenzari's third power
  9929 | Lair:4   | Found a staircase to the Swamp.
 10082 | Lair:5   | Reached skill level 5 in Dodging
 10103 | Lair:5   | Identified the +6 long sword "Cryrup" {venom, Str+1}
 10231 | Lair:5   | Noticed a six-headed hydra
 10239 | Lair:5   | Killed a three-headed hydra
 10587 | Lair:6   | Noticed a seven-headed hydra
 10592 | Lair:6   | Killed a two-headed hydra
 10747 | Lair:6   | Identified a scroll of acquirement
 10778 | Lair:6   | Reached XP level 13. HP: 38/93 MP: 13/13
 11536 | Lair:7   | Reached skill level 10 in Dodging
 11955 | Lair:7   | Found a staircase to the Slime Pits.
 12192 | Lair:8   | Entered Level 8 of the Lair of Beasts
 12879 | Lair:8   | Reached XP level 14. HP: 61/100 MP: 14/14
 13739 | Lair:8   | Acquired Ashenzari's fourth power
 13776 | Lair:8   | Identified the +5 hand crossbow of Quick Death {velocity, MR++ Dex+2 Stlth+}
 14294 | Lair:1   | Killed Nergalle
 14440 | Lair:1   | Lost mutation: Your spells are a little harder to cast, but a little more powerful. [potion of cure mutation]
 14588 | D:11     | Noticed an unseen horror
 14594 | D:11     | Killed an unseen horror
 14714 | D:12     | Noticed Gastronok
 14753 | D:12     | Killed Gastronok
 14828 | D:12     | Found a staircase to the Orcish Mines.
 15205 | D:12     | Noticed Fannar
 15218 | D:12     | Killed Fannar
 15281 | Orc:1    | Entered Level 1 of the Orcish Mines
 15450 | Orc:1    | Found a roughly hewn altar of Beogh.
 15769 | Orc:3    | Found an iron altar of Okawaru.
 15772 | Orc:3    | Found a staircase to the Elven Halls.
 15792 | Elf:1    | Entered Level 1 of the Elven Halls
 15832 | Orc:4    | Entered Level 4 of the Orcish Mines
 15840 | Orc:4    | Noticed Erica
 15849 | Orc:4    | Killed Erica
 15849 | Orc:4    | Reached skill level 10 in Fighting
 15895 | Orc:4    | Found Eliurhosch's Magic Scroll Shop.
 15895 | Orc:4    | Found Ibaseph's Armour Shop.
 15895 | Orc:4    | Found Qor Ulim's Magic Scroll Emporium.
 15896 | Orc:4    | Found Brioquecw's Weapon Emporium.
 15935 | Orc:4    | Found a dark tunnel.
 15954 | Volcano  | Entered a volcano
 17520 | Orc:4    | Bought a scroll of acquirement for 676 gold pieces
 17530 | Orc:4    | Bought the +5 scythe "Finisher" {speed, Str+3} for 520 gold pieces
 17690 | Orc:4    | Bought a scroll of identify for 26 gold pieces
 17690 | Orc:4    | Bought a scroll of identify for 26 gold pieces
 17690 | Orc:4    | Bought a scroll of identify for 26 gold pieces
 17690 | Orc:4    | Bought a scroll of identify for 26 gold pieces
 17690 | Orc:4    | Bought a scroll of teleportation for 39 gold pieces
 17690 | Orc:4    | Bought a scroll of enchant weapon for 97 gold pieces
 17690 | Orc:4    | Bought a scroll of enchant armour for 97 gold pieces
 17690 | Orc:4    | Bought a scroll of recharging for 123 gold pieces
 17690 | Orc:4    | Bought a scroll of identify for 26 gold pieces
 17690 | Orc:4    | Bought a scroll of enchant weapon for 97 gold pieces
 17736 | Orc:4    | Identified the +3 helmet "Wec Weg" {Str-5} (You found it on level 6 of the Dungeon)
 18274 | Orc:4    | Bought a scroll of acquirement for 728 gold pieces
 18428 | D:13     | Reached XP level 15. HP: 119/119 MP: 15/15
 18685 | D:13     | Found a gate to the Vaults.
 19364 | D:14     | Found a shimmering altar of Xom.
 19382 | D:14     | Reached skill level 16 in Polearms
 20100 | D:15     | Entered Level 15 of the Dungeon
 20173 | D:15     | Found a glowing golden altar of the Shining One.
 20326 | D:15     | Found a staircase to the Depths.
 20408 | D:15     | Learned a level 2 spell: Blink
 20410 | D:15     | Learned a level 1 spell: Apportation
 20461 | D:15     | Reached skill level 1 in Spellcasting
 20529 | D:15     | Found Twiomp's Gadget Shop.
 20627 | Depths:1 | Entered Level 1 of the Depths
 21080 | Swamp:1  | Entered Level 1 of the Swamp
 21219 | Swamp:1  | Noticed Urug
 21251 | Swamp:1  | Killed Urug
 21285 | Swamp:1  | Reached skill level 10 in Armour
 21288 | Swamp:1  | Slain by a bog body

Action                   |  1- 3 |  4- 6 |  7- 9 | 10-12 | 13-15 || total
-------------------------+-------+-------+-------+-------+-------++-------
Melee: Short sword       |    25 |       |       |       |       ||    25
       Spear             |    17 |   164 |       |       |       ||   181
       Halberd           |       |    29 |    10 |  1042 |  1326 ||  2407
       Trident           |       |       |   518 |    55 |       ||   573
       Scythe            |       |       |       |       |   929 ||   929
 Fire: Hunting sling     |   106 |       |       |       |       ||   106
Invok: Scrying           |       |       |       |       |     6 ||     6
 Abil: Evoke Berserk Rag |       |     5 |     5 |    12 |    24 ||    46
Evoke: Wand              |       |     1 |    29 |     6 |    32 ||    68
       Lamp of fire      |       |       |       |     1 |     4 ||     5
       Sack of spiders   |       |       |       |       |     1 ||     1
  Use: Potion            |       |     6 |       |     7 |    15 ||    28
       Scroll            |       |     5 |    14 |    13 |    28 ||    60
 Stab: Invisible         |       |       |       |     2 |       ||     2
       Sleeping          |       |       |       |       |     2 ||     2
       Confused          |       |       |       |       |     1 ||     1
       Petrifying        |       |       |       |       |     1 ||     1
       Petrified         |       |       |       |       |     1 ||     1
  Eat: Beef jerky        |       |     3 |     1 |       |     2 ||     6
       Chunk             |       |     3 |     6 |    26 |    24 ||    59
       Royal jelly       |       |     1 |       |       |       ||     1
       Meat ration       |       |       |     1 |       |     5 ||     6
       Pizza             |       |       |       |     2 |       ||     2
       Fruit             |       |       |       |       |     6 ||     6
